 Dungeon Crawl Stone Soup version 0.29-a0-559-g359e09b9d1 (console) character file.

Game seed: 9405106720536417124

5069 om the Spear-Bearer (level 10, 0/77 HPs)
             Began as a Merfolk Gladiator on June 10, 2022.
             Was a Priest of Wu Jian.
             Slain by a vampire mosquito (5 damage)
             ... on level 9 of the Dungeon.
             The game lasted 00:21:52 (11199 turns).

om the Spear-Bearer (Merfolk Gladiator)            Turns: 11199, Time: 00:21:52

Health: 0/77       AC:  9    Str: 22    XL:     10   Next: 56%
Magic:  10/10      EV: 15    Int: 10    God:    Wu Jian [***...]
Gold:   727        SH:  0    Dex: 16    Spells: 9/9 levels left

rFire   . . .      SeeInvis .   d - +1 trident (elec)
rCold   . . .      Faith    .   (no shield)
rNeg    + . .      Spirit   .   u - +0 ring mail "Nuremul" {Str+4}
rPois   .          Reflect  .   c - +0 helmet
rElec   .          Harm     .   p - +1 cloak
rCorr   .          Rampage  .   (no gloves)
Will    .....                   (no boots)
Stlth   +.........              (no amulet)
HPRegen 0.22/turn               k - ring of positive energy
MPRegen 0.12/turn               (no ring)

@: no status effects
A: (nimble swimmer 2), mertail, clever 1
a: Renounce Religion, Wall Jump, Serpent's Lash


You were on level 9 of the Dungeon.
You worshipped Wu Jian.
Wu Jian was most pleased with you.
You visited 1 branch of the dungeon, and saw 9 of its levels.
You also visited: Bailey.

You collected 978 gold pieces.
You spent 251 gold pieces at shops.

Inventory:

Hand Weapons
 d - a +1 trident of electrocution (weapon)
 s - a +0 executioner's axe of venom
Missiles
 a - 3 throwing nets
 e - a javelin
Armour
 c - a +0 helmet (worn)
 p - a +1 cloak (worn)
 u - the +0 ring mail "Nuremul" (worn) {Str+4}
   (You found it on level 5 of the Dungeon)

   Str:       It affects your strength (+4).
 y - +0 swamp dragon scales
 z - +0 steam dragon scales
Jewellery
 f - a ring of ice
 k - a ring of positive energy (left hand)
Wands
 i - a wand of polymorph (6)
 v - a wand of charming (15)
 B - a wand of iceblast (6)
Scrolls
 g - 5 scrolls of teleportation
 j - a scroll of amnesia {unknown}
 l - 2 scrolls of poison
 n - 4 scrolls of fog
 o - 3 scrolls of vulnerability
 t - a scroll of immolation {unknown}
 x - a scroll of enchant weapon
 A - a scroll of acquirement {unknown}
 C - a scroll of magic mapping
Potions
 b - 2 potions of attraction
 h - 5 potions of flight
 m - a potion of magic
 r - a potion of invisibility {unknown}
 w - a potion of curing


   Skills:
 * Level 6.6 Fighting
 - Level 12.0 Polearms
 - Level 2.0 Throwing
 * Level 5.9 Armour
 + Level 8.9 Dodging
 - Level 5.0 Evocations


You had 9 spell levels left.
You didn't know any spells.
Your spell library contained the following spells:

 Spells                   Type           Power      Damage    Failure   Level
 Apportation              Tloc           0%         N/A       50%         1
 Gell's Gravitas          Tloc           0%         N/A       86%         3
 Inner Flame              Hex/Fire       0%         N/A       86%         3
 Lesser Beckoning         Tloc           0%         N/A       86%         3
 Ozocubu's Armour         Ice            0%         N/A       86%         3
 Portal Projectile        Hex/Tloc       0%         N/A       86%         3
 Summon Guardian Golem    Hex/Summ       0%         N/A       86%         3
 Teleport Other           Tloc           0%         N/A       86%         3
 Tukima's Dance           Hex            0%         N/A       86%         3
 Animate Armour           Summ/Erth      0%         N/A       99%         4
 Cause Fear               Hex            0%         N/A       99%         4
 Ice Form                 Ice/Tmut       0%         N/A       99%         4
 Alistair's Intoxication  Tmut/Pois      0%         N/A       100%        5
 Blade Hands              Tmut           0%         N/A       100%        5
 Borgnjor's Vile Clutch   Necr/Erth      0%         N/A       100%        5
 Summon Forest            Summ/Tloc      0%         N/A       100%        5
 Eringya's Noxious Bog    Tmut/Pois      0%         N/A       100%        6
 Orb of Destruction       Conj           0%         9d5       100%        7
 Spellforged Servitor     Conj/Summ      0%         N/A       100%        7
 Summon Hydra             Summ           0%         N/A       100%        7
 Discord                  Hex            0%         N/A       100%        8
 Polar Vortex             Ice            0%         N/A       100%        9


Dungeon Overview and Level Annotations

Branches:
Dungeon (9/15)             Temple (0/1) D:5          Bailey (visited)
   Lair: D:8-11         Orc: D:9-12

Altars:
Ashenzari
Cheibriados
Elyvilon
Gozag
Makhleb
Nemelex Xobeh
Uskayaw
Vehumet
Wu Jian
The Shining One

Shops:
D:5 *   D:7 *   D:8 *

Annotations:
D:5 2 runed translucent doors, Seanster0919's ghost, novice MiFi


Innate Abilities, Weirdness & Mutations

((You are very nimble when in or above water. (Stealth+, EV+, Speed+++)))
Your lower body shifts to a powerful aquatic tail in water.
Your mind is acute. (Int +2)


Message History

You hear two shouts!
You spin and attack the vampire mosquito repeatedly.
You hit the vampire mosquito but do no damage.
Lightning courses through the vampire mosquito!!
You destroy the vampire mosquito!
The Council accepts your kill.
The vampire mosquito bites you but does no damage.
You spin and attack the vampire mosquito.
You barely miss the vampire mosquito.
The vampire mosquito is moderately damaged.
The vampire mosquito completely misses you.
The vampire mosquito barely misses you. The vampire mosquito bites you!
* * * LOW HITPOINT WARNING * * *
The vampire mosquito draws strength from your injuries!
You barely miss the vampire mosquito.
The vampire mosquito is lightly damaged.
The vampire mosquito bites you.
* * * LOW HITPOINT WARNING * * *
The vampire mosquito draws strength from your injuries!
You hit the vampire mosquito.
The vampire mosquito is lightly damaged.
The vampire mosquito completely misses you.
The vampire mosquito bites you.
* * * LOW HITPOINT WARNING * * *
The vampire mosquito draws strength from your injuries!
Okay, then.
As you read the scroll of fear, it crumbles to dust.
You assume a fearsome visage.
The basilisk looks frightened!
The basilisk hisses angrily.
The elephant looks frightened!
The basilisk looks frightened!
The vampire mosquito is unaffected.
The vampire mosquito closely misses you.
The vampire mosquito barely misses you.
Okay, then.
Really read the scroll of poison?
Okay, then.
The vampire mosquito attacks as you move away!
The vampire mosquito bites you.
You die...

#...#..#
#......#
###......#
#..l#.).##
#...#)Y##
..##.!..†..##
...>........#
..######.#y.##
.....##.##@##
....<....#.##
..#.##......#
#.....###
#.......## .
#...##....# #.
......#....#
#..
##.#.......####
#..#
####.........##


You could see an elephant (fleeing), a basilisk (fleeing) and a vampire
mosquito.

Vanquished Creatures
  An orc knight (Bailey)
  Maggie (D:8)
  Grinder (D:3)
  Prince Ribbit (D:8)
  A wyvern (D:9)
  A vampire mosquito (D:9)
  A steam dragon (D:8)
  An acid dragon (D:9)
  3 orc warriors (Bailey)
  An ice beast (D:7)
  3 black bears (D:6)
  An ogre (D:6)
  A sky beast (D:6)
  2 centaurs
  3 phantoms
  2 kobold brigands (D:8)
  A bullfrog (D:6)
  A necrophage (D:5)
  2 scorpions
  10 wights
  8 killer bees (D:8)
  4 howler monkeys
  A gnoll shaman (D:9)
  4 hounds
  2 jellies
  3 orc priests
  Terence (D:2)
  4 iguanas
  4 orc wizards
  Natasha (thrice) (D:2)
  Robin (D:2)
  5 adders
  3 gnolls (D:2)
  2 shadow imps
  2 white imps
  An ufetubus (D:4)
  A worm (D:2)
  3 dart slugs
  20 orcs
  8 ball pythons
  5 endoplasms
  10 giant cockroaches
  12 hobgoblins
  7 jackals
  3 quokkas
  6 bats
  6 frilled lizards
  20 goblins
  22 kobolds
  5 rats
214 creatures vanquished.

Notes
Turn   | Place    | Note
-------+----------+-------------------------------------------
     0 | D:1      | om the Merfolk Gladiator began the quest for the Orb.
     0 | D:1      | Reached XP level 1. HP: 16/16 MP: 1/1
   249 | D:1      | Reached XP level 2. HP: 19/23 MP: 2/2
   442 | D:1      | Gained mutation: Your mind is acute. (Int +2) [potion of
                  | mutation]
  1385 | D:2      | Reached XP level 3. HP: 27/28 MP: 3/3
  1396 | D:2      | Noticed Terence
  1697 | D:2      | Killed Terence
  1698 | D:2      | Reached skill level 5 in Polearms
  1698 | D:2      | Reached skill level 5 in Dodging
  1837 | D:2      | Reached XP level 4. HP: 34/34 MP: 4/4
  2312 | D:2      | Noticed Robin
  2340 | D:2      | Killed Robin
  2619 | D:2      | Noticed Natasha
  2626 | D:2      | Killed Natasha
  2627 | D:2      | Reached XP level 5. HP: 20/39 MP: 5/5
  2808 | D:2      | Reached skill level 6 in Polearms
  2943 | D:2      | Noticed Natasha
  3425 | D:2      | Killed Natasha
  3663 | D:2      | Noticed Natasha
  3675 | D:2      | Killed Natasha
  3676 | D:2      | Reached skill level 7 in Polearms
  3761 | D:3      | Reached XP level 6. HP: 46/46 MP: 6/6
  3792 | D:3      | Found a runed translucent door.
  3793 | D:3      | Noticed Crazy Yiuf
  3876 | D:3      | Noticed Grinder
  3891 | D:3      | Killed Grinder
  3892 | D:3      | Reached skill level 8 in Polearms
  4183 | D:3      | Found a faded altar of an unknown god.
  4214 | D:3      | Found an ornate altar of the Wu Jian Council.
  4491 | D:3      | Became a worshipper of the Wu Jian Council
  4534 | D:3      | Noticed Crazy Yiuf
  4534 | D:3      | Crazy Yiuf changed into Crazy Yiuf the endoplasm
  4535 | D:3      | Killed Crazy Yiuf the endoplasm
  4591 | D:4      | Found a snail-covered altar of Cheibriados.
  4612 | D:3      | Reached XP level 7. HP: 22/54 MP: 7/7
  4944 | D:4      | Reached skill level 5 in Fighting
  5388 | D:4      | Found a radiant altar of Vehumet.
  5585 | D:4      | Reached skill level 1 in Armour
  5591 | D:4      | Reached skill level 1 in Evocations
  5982 | D:5      | Entered Level 5 of the Dungeon
  5995 | D:5      | Found an opulent altar of Gozag.
  6016 | D:5      | Found a staircase to the Ecumenical Temple.
  6041 | D:5      | Got Xeurr's Almanac of Frigorific Earth
  6082 | D:5      | Identified the +0 ring mail "Nuremul" {Str+4}
  6172 | D:5      | Found Gewumirph's General Store.
  6182 | D:5      | Reached XP level 8. HP: 9/62 MP: 8/8
  6451 | D:5      | Bought a scroll of enchant armour for 97 gold pieces
  6493 | D:5      | Found a large runed translucent door.
  6493 | D:5      | Found a large runed translucent door.
  6497 | D:5      | Noticed Seanster0919's ghost (novice MiFi)
  6855 | D:6      | Reached * piety under Wu Jian
  6905 | D:6      | Found a white marble altar of Elyvilon.
  6927 | D:6      | Reached skill level 9 in Polearms
  7204 | D:6      | Reached XP level 9. HP: 21/68 MP: 9/9
  7977 | D:7      | Found a glowing golden altar of the Shining One.
  8339 | D:7      | Found Gaishuim's General Store.
  8354 | D:7      | Bought a potion of heal wounds for 70 gold pieces
  8354 | D:7      | Bought a scroll of teleportation for 42 gold pieces
  8548 | D:7      | Reached skill level 10 in Polearms
  8589 | D:7      | Found a snail-covered altar of Cheibriados.
  8754 | D:7      | Found a hide-covered altar of Uskayaw.
  8758 | D:7      | Found a sparkling altar of Nemelex Xobeh.
  8761 | D:7      | Found a broken altar of Ashenzari.
  8819 | D:8      | Noticed Maggie
  8830 | D:8      | Killed Maggie
  8836 | D:8      | Found a flagged portal.
  8845 | Bailey   | Entered a bailey
  8882 | Bailey   | Noticed an orc knight
  9118 | Bailey   | Reached skill level 5 in Armour
  9125 | Bailey   | HP: 3/68 [orc warrior/+0 battleaxe (22)]
  9149 | Bailey   | Killed an orc knight
  9150 | Bailey   | Reached skill level 11 in Polearms
  9150 | Bailey   | Reached skill level 5 in Evocations
  9443 | Bailey   | Reached XP level 10. HP: 74/74 MP: 10/10
  9571 | D:8      | Noticed Prince Ribbit
  9582 | D:8      | Killed Prince Ribbit
  9583 | D:8      | Reached skill level 12 in Polearms
  9587 | D:8      | Reached ** piety under Wu Jian
 10360 | D:8      | Found a burning altar of Makhleb.
 10369 | D:8      | Found Cell's General Store.
 10382 | D:8      | Bought a potion of curing for 42 gold pieces
 11183 | D:9      | Reached *** piety under Wu Jian
 11190 | D:9      | Noticed a two-headed ogre
 11190 | D:9      | Noticed an elephant
 11199 | D:9      | Slain by a vampire mosquito

Illustrated notes

Levels and vault maps discovered:
D:1:      minmay_arrival_nine_rooms, layout_basic
D:2:      layout_basic, uniq_natasha, uniq_terence, uniq_robin
D:3:      layout_rooms, mainiacjoe_overflow_tiny_flanked, serial_curves,
          eino_curves_01, eino_curves_02, shapermc_ecumenical_altar_pompeii,
          uniq_crazy_yiuf_cottage, uniq_grinder
D:4:      layout_cave_pools, mainiacjoe_overflow_chevrons, serial_park,
          serial_park_tiny_pond, serial_park_square3
          [serial_park_minivault_5x5_4]
D:5:      layout_gridville, grunt_gozag_statues, temple_pool_b, serial_shops,
          shop, ebering_ghost_disaster_area
D:6:      layout_loops_ring, mainiacjoe_overflow_alcove_4, grunt_decor_junction,
          minmay_misc_feat_five, minmay_stone_trees_medium
D:7:      layout_cave_pools, mainiacjoe_overflow_surrounded_room,
          grunt_temple_overflow_diamond, kennysheep_little_box, serial_shops,
          nicolae_shop_advertising_works [nicolae_subvault_shop_adworks]
D:8:      layout_gridville, mainiacjoe_overflow_boulevard, enter_bailey_3,
          serial_shops, kennysheep_mini, minmay_misc_feat_four_crosses,
          uniq_prince_ribbit1, uniq_maggie
D:9:      layout_cave_pools, mainiacjoe_overflow_24_doors, david_lair_generic,
          zombieorc2_lemuel, serial_gnoll_camp, gnoll_camp_mini_house,
          gnoll_camp_mini_hut, gnoll_camp_mini_loothouse, gnoll_camp_mini_hut

Skill      XL: |  1  2  3  4  5  6  7  8  9 10 |
---------------+-------------------------------+-----
Polearms       | 5 7 8 9 11 12 | 12.0
Dodging        | 5 6 7 8 |  8.9
Fighting       | 4 5 6 |  6.6
Armour         | 1 3 5 |  5.9
Evocations     | 1 3 5 |  5.0
Throwing       | |  2.0

Action                   |  1- 3 |  4- 6 |  7- 9 | 10-12 || total
-------------------------+-------+-------+-------+-------++-------
Melee: Trident           |    95 |   187 |   364 |   204 ||   850
       Punch             |     2 |       |     2 |     2 ||     6
       Tailslap          |       |       |    14 |       ||    14
Throw: Throwing net      |     3 |       |       |       ||     3
       Javelin           |       |       |     1 |       ||     1
Invok: Lunge             |       |       |    22 |     8 ||    30
       Whirlwind         |       |       |   104 |    81 ||   185
 Abil: Wall Jump         |       |       |       |    13 ||    13
Evoke: Wand              |       |     1 |       |       ||     1
  Use: Scroll            |     4 |     1 |     9 |     2 ||    16
       Potion            |     3 |     2 |     5 |     3 ||    13
 Stab: Held in net/web   |     1 |       |       |       ||     1
       Sleeping          |       |     2 |       |       ||     2
Armor: Leather armour    |    15 |    37 |    23 |       ||    75
       Skin              |     3 |       |       |       ||     3
       Ring mail         |       |       |    80 |    44 ||   124
Dodge: Dodged            |    74 |   174 |   211 |   115 ||   574

Table legend: (Time is in decaauts)
 A = Elapsed time spent in this place.
 B = Non-inter-level travel time spent in this place.
 C = Inter-level travel time spent in this place.
 D = Time resting spent in this place.
 E = Time spent auto-exploring this place.
 F = Levels seen in this place.
 G = Mean time per level.
                   A        B        C        D        E       F      G
               +--------+--------+--------+--------+--------+-----+--------+
         Total |  11117 |  10783 |    334 |   2782 |   6350 |  10 | 1111.7 |
       Dungeon |  10480 |  10146 |    334 |   2499 |   6160 |   9 | 1164.4 |
        Bailey |    636 |    636 |      0 |    283 |    190 |   1 |  636.0 |
               +--------+--------+--------+--------+--------+-----+--------+

Top non-repeatable levels by time:
     D:2: 2179 daAuts
     D:1: 1560 daAuts
     D:8: 1452 daAuts
     D:4: 1155 daAuts
     D:6: 1150 daAuts
     D:3: 1083 daAuts
     D:7: 849 daAuts
     D:5: 798 daAuts
  Bailey: 636 daAuts
     D:9: 251 daAuts
